Whale vs Crunch

Created - Wednesday, February 04, 2015 at 23:30

Goals
1 2 3 OT1 T
Whale 0 1 0 1 2
Crunch 1 0 0 0 1
Shots
1 2 3 OT1 T
Whale 2 13 9 6 30
Crunch 8 9 10 4 31

1st period

1. Crunch , Ryan Strome 23 (Taylor Pyatt, Nick Jensen) at 16:13

Penalties :
Danny Syvret (SYR) for Fighting (Major) at 9:01, Jay Rosehill (CON) for Fighting (Major) at 9:01

2nd period

2. Whale , Jay Rosehill 14 (Denis Grebeshkov, Kelly Zajac) at 4:11

Penalties :
Danny Syvret (SYR) for Tripping (Minor) at 2:37, Nick Tarnasky (CON) for Elbowing (Minor) at 3:49, Mike Hedden (CON) for Charging (Minor) at 8:36, Jay Rosehill (CON) for Kneeing (Major) at 13:20

3rd period

No Goal

Penalties :
Nick Tarnasky (CON) for Tripping (Minor) at 7:05, Anton Zlobin (SYR) for Cross-checking (Minor) at 13:32, Nick Tarnasky (CON) for Hooking (Minor) at 15:57

Overtime #1

3. Whale , John McCarthy 8 (Mike Hedden) at 4:32

Penalties :
No Penalty

Goalie Stats

Dustin Tokarski (CON), 30 saves from 31 shots - (0.968), W, 17-8-8, 64:32 minutes
John Curry (SYR), 28 saves from 30 shots - (0.933), OTL, 17-13-6, 64:32 minutes

Players Stats for Whale

Player Name              G  A  P  +/- PIM S  H  SB GA TA FO     MP     PP MP  PK MP  
------------------------------------------------------------------------------------
Brad Staubitz            0  0  0   0  0   0  0  0  0  0  0/0     0:00   0:00   0:00 
Brendan Ranford          0  0  0   0  0   0  2  1  3  1  0/4    18:02   0:00   4:17 
Brennan Evans            0  0  0  -1  0   1  0  0  0  1  0/0    13:30   0:00   0:00 
Chris McKelvie           0  0  0   0  0   2  0  0  0  2  2/6    13:00   0:00   1:53 
Colin Fraser             0  0  0  -1  0   1  0  1  1  3  4/6    14:14   1:37   1:37 
Dallas Jackson           0  0  0   1  0   0  2  2  1  2  0/0    23:53   1:14   6:36 
Denis Grebeshkov         0  1  1   1  0   1  1  2  0  3  0/0    27:09   1:57   5:32 
Denny Urban              0  0  0  -1  0   0  0  0  1  1  0/0    13:30   0:00   0:00 
Derek Nesbitt            0  0  0   0  0   0  0  0  4  0  0/0     9:47   0:00   0:00 
James Livingston         0  0  0   0  0   1  2  0  0  0  0/0    16:25   1:34   0:00 
Jay Rosehill             1  0  1   1  10  5  3  0  3  2  0/1    13:26   0:00   2:01 
John McCarthy            1  0  1   1  0   7  1  1  2  0  10/15  18:23   1:34   1:35 
Kelly Zajac              0  1  1   0  0   0  1  2  0  0  5/16   25:34   1:37   5:47 
Mike Hedden              0  1  1   0  2   4  1  0  5  0  0/0    22:19   1:34   4:26 
Mike Moore               0  0  0   1  0   1  1  3  1  0  0/0    23:53   1:14   6:36 
Nick Tarnasky            0  0  0   0  6   4  1  0  2  1  1/1    24:53   1:36   2:40 
Stefan Warg              0  0  0   0  0   0  0  0  0  0  0/0     0:00   0:00   0:00 
Taylor Chorney           0  0  0   1  0   3  0  1  0  4  0/0    27:09   1:57   5:32 

Players Stats for Crunch

Player Name              G  A  P  +/- PIM S  H  SB GA TA FO     MP     PP MP  PK MP  
------------------------------------------------------------------------------------
Andre Petersson          0  0  0   0  0   6  0  0  4  1  0/0    16:37   5:33   0:00 
Anton Zlobin             0  0  0   0  2   1  3  0  0  0  0/0     9:35   0:00   0:00 
Brett Skinner            0  0  0   1  0   0  0  1  0  1  0/0    15:43   0:00   0:52 
Brodie Reid              0  0  0   0  0   0  2  0  0  1  0/0    10:42   0:29   0:00 
Chad Billins             0  0  0  -1  0   0  1  2  0  3  0/0    27:22   6:58   2:19 
Corban Knight            0  0  0   0  0   2  1  0  1  0  6/9    17:18   5:33   0:00 
Danny Syvret             0  0  0  -1  7   1  3  1  0  3  0/0    23:03   6:58   1:07 
Eriah Hayes              0  0  0   0  0   1  1  0  5  1  0/0    16:37   5:33   0:00 
Jordin Tootoo            0  0  0   0  0   2  3  0  3  1  0/0    20:17   6:04   0:00 
Karl Stollery            0  0  0  -1  0   2  0  1  0  2  0/0    23:51   5:12   0:48 
Matt Lindblad            0  0  0   0  0   1  1  0  1  0  0/0    12:27   0:00   1:23 
Nick Jensen              0  1  1   1  0   0  1  3  0  2  0/0    17:38   0:00   1:16 
Phillip Danault          0  0  0  -1  0   1  1  0  3  0  5/11   14:31   1:06   1:23 
Ryan Strome              1  0  1   0  0   8  1  0  5  0  12/19  21:48   5:58   0:00 
Stanislav Galiev         0  0  0   0  0   1  1  0  3  0  0/1    11:24   0:00   1:48 
Taylor Pyatt             0  1  1   0  0   3  5  1  4  0  0/1    22:23   6:06   0:00 
Travis Oleksuk           0  0  0   0  0   0  2  0  1  1  4/8    11:24   0:00   1:48 
Zach Trotman             0  0  0  -1  0   2  1  0  0  0  0/0    21:27   5:10   0:00 

3 Stars

1 - Dustin Tokarski (CON)
2 - John McCarthy (CON)
3 - Taylor Pyatt (SYR)

Power Play

Whale - 0 on 2 Attempt(s) - 0.00%
Crunch - 0 on 5 Attempt(s) - 0.00%

Penalty Kill

Whale - 5 on 5 Attempt(s) - 100.00% - Score 0 goal in Penalty Kill
Crunch - 2 on 2 Attempt(s) - 100.00% - Score 0 goal in Penalty Kill

Team Stat

Whale - Hits : 15 - Faceoff Wins : 22 - Blocked Shots : 13 - Penalty Minutes : 18
Crunch - Hits : 27 - Faceoff Wins : 27 - Blocked Shots : 9 - Penalty Minutes : 9

Official

Referees : Unknown
Linesman : Unknown

Game Notes

Jay Rosehill beats up Danny Syvret at 9:01 of 1st period

Finance

Level 1 -- Attendance: 1607 (80.35%) -- Ticket Income $40,175
Level 2 -- Attendance: 685 (68.50%) -- Ticket Income $6,850
Total Attendance: 2292 (76.40%)
Total Ticket Income: $47,025
Other Income: $23,042
Total Income: $70,067

Whale

5 vs 5 Forward 
   Center                   Left Wing                Right Wing               Time % Phy DF OF 
 1 Colin Fraser             Nick Tarnasky            Kelly Zajac              35     1   2  2  
 2 John McCarthy            Mike Hedden              James Livingston         30     1   2  2  
 3 Kelly Zajac              Jay Rosehill             Derek Nesbitt            22     1   2  2  
 4 Chris McKelvie           Brendan Ranford          Nick Tarnasky            13     1   2  2  

5 vs 5 Defense 
   Defense                  Defense                                           Time % Phy DF OF 
 1 Denis Grebeshkov         Taylor Chorney                                    35     1   2  2  
 2 Dallas Jackson           Mike Moore                                        30     1   2  2  
 3 Brennan Evans            Denny Urban                                       22     1   2  2  
 4 Taylor Chorney           Denis Grebeshkov                                  13     1   2  2  

PowerPlay Forward 
   Center                   Left Wing                Right Wing               Time % Phy DF OF 
 1 Kelly Zajac              Nick Tarnasky            Colin Fraser             60     1   2  2  
 2 John McCarthy            Mike Hedden              James Livingston         40     1   2  2  

PowerPlay Defense
   Defense                  Defense                                           Time % Phy DF OF 
 1 Denis Grebeshkov         Taylor Chorney                                    60     1   2  2  
 2 Dallas Jackson           Mike Moore                                        40     1   2  2  

Penalty Kill 4 Players Forward 
   Center                   Wing                     Time % Phy DF OF 
 1 Kelly Zajac              Nick Tarnasky            60     1   2  2  
 2 Mike Hedden              John McCarthy            40     1   2  2  

Penalty Kill 4 Players Defense
   Defense                  Defense                  Time % Phy DF OF 
 1 Denis Grebeshkov         Taylor Chorney           60     1   2  2  
 2 Dallas Jackson           Mike Moore               40     1   2  2  

Penalty Kill - 3 Players Forward 
   Forward                                           Time % Phy DF OF 
 1 John McCarthy                                     60     1   2  2  
 2 Nick Tarnasky                                     40     1   2  2  

Penalty Kill - 3 Players Defense
   Defense                  Defense                  Time % Phy DF OF 
 1 Denis Grebeshkov         Taylor Chorney           60     1   2  2  
 2 Dallas Jackson           Mike Moore               40     1   2  2  

4 vs 4 Forward 
   Center                   Wing                     Time % Phy DF OF 
 1 Kelly Zajac              Nick Tarnasky            60     1   2  2  
 2 Mike Hedden              John McCarthy            40     1   2  2  

4 vs 4 Defense
   Defense                  Defense                  Time % Phy DF OF 
 1 Denis Grebeshkov         Taylor Chorney           60     1   2  2  
 2 Dallas Jackson           Mike Moore               40     1   2  2  

Last Minutes Offensive
   Center                   Left Wing                Right Wing               Defense                  Defense                  
   Colin Fraser             Nick Tarnasky            John McCarthy            Denis Grebeshkov         Taylor Chorney           

Last Minutes Defensive
   Center                   Left Wing                Right Wing               Defense                  Defense                  
   Colin Fraser             Nick Tarnasky            John McCarthy            Denis Grebeshkov         Taylor Chorney           

Goaltenders
Starting : Dustin Tokarski          
Backup : Igor Bobkov              

Extra Forwards
Normal : Kelly Zajac, Jay Rosehill, Brendan Ranford - PP : Kelly Zajac, Jay Rosehill - PK : Brendan Ranford
Extra Defensemen
Normal : Brennan Evans, Denny Urban, Taylor Chorney - PP : Brennan Evans - PK : Denny Urban, Denis Grebeshkov
Penalty Shots
Brendan Ranford, Nick Tarnasky, Mike Hedden, John McCarthy, Kelly Zajac

Crunch

5 vs 5 Forward 
   Center                   Left Wing                Right Wing               Time % Phy DF OF 
 1 Ryan Strome              Jordin Tootoo            Taylor Pyatt             35     1   2  2  
 2 Corban Knight            Andre Petersson          Eriah Hayes              35     1   2  2  
 3 Travis Oleksuk           Stanislav Galiev         Anton Zlobin             15     1   2  2  
 4 Phillip Danault          Matt Lindblad            Brodie Reid              15     1   2  2  

5 vs 5 Defense 
   Defense                  Defense                                           Time % Phy DF OF 
 1 Danny Syvret             Chad Billins                                      34     1   2  2  
 2 Zach Trotman             Karl Stollery                                     33     1   2  2  
 3 Nick Jensen              Brett Skinner                                     33     1   2  2  
 4 Danny Syvret             Chad Billins                                      0      0   5  0  

PowerPlay Forward 
   Center                   Left Wing                Right Wing               Time % Phy DF OF 
 1 Ryan Strome              Jordin Tootoo            Taylor Pyatt             60     0   1  4  
 2 Corban Knight            Andre Petersson          Eriah Hayes              40     0   2  3  

PowerPlay Defense
   Defense                  Defense                                           Time % Phy DF OF 
 1 Danny Syvret             Chad Billins                                      60     0   2  3  
 2 Zach Trotman             Karl Stollery                                     40     0   2  3  

Penalty Kill 4 Players Forward 
   Center                   Wing                     Time % Phy DF OF 
 1 Travis Oleksuk           Stanislav Galiev         50     1   4  0  
 2 Phillip Danault          Matt Lindblad            50     1   4  0  

Penalty Kill 4 Players Defense
   Defense                  Defense                  Time % Phy DF OF 
 1 Nick Jensen              Brett Skinner            50     1   4  0  
 2 Danny Syvret             Chad Billins             50     1   4  0  

Penalty Kill - 3 Players Forward 
   Forward                                           Time % Phy DF OF 
 1 Travis Oleksuk                                    50     1   4  0  
 2 Phillip Danault                                   50     1   4  0  

Penalty Kill - 3 Players Defense
   Defense                  Defense                  Time % Phy DF OF 
 1 Nick Jensen              Brett Skinner            50     1   4  0  
 2 Danny Syvret             Chad Billins             50     1   4  0  

4 vs 4 Forward 
   Center                   Wing                     Time % Phy DF OF 
 1 Ryan Strome              Taylor Pyatt             60     0   1  4  
 2 Corban Knight            Jordin Tootoo            40     1   2  2  

4 vs 4 Defense
   Defense                  Defense                  Time % Phy DF OF 
 1 Danny Syvret             Chad Billins             50     1   2  2  
 2 Zach Trotman             Karl Stollery            50     1   2  2  

Last Minutes Offensive
   Center                   Left Wing                Right Wing               Defense                  Defense                  
   Ryan Strome              Jordin Tootoo            Taylor Pyatt             Danny Syvret             Chad Billins             

Last Minutes Defensive
   Center                   Left Wing                Right Wing               Defense                  Defense                  
   Corban Knight            Andre Petersson          Taylor Pyatt             Danny Syvret             Chad Billins             

Goaltenders
Starting : John Curry               
Backup : Richard Bachman          

Extra Forwards
Normal : Taylor Pyatt, Ryan Strome, Jordin Tootoo - PP : Taylor Pyatt, Ryan Strome - PK : Taylor Pyatt
Extra Defensemen
Normal : Danny Syvret, Chad Billins, Karl Stollery - PP : Danny Syvret - PK : Danny Syvret, Chad Billins
Penalty Shots
Andre Petersson, Ryan Strome, Eriah Hayes, Jordin Tootoo, Taylor Pyatt

% Time on Ice - Whale

Lines # - Real PCT - Wanted PCT - Time Play
Normal Forward
1 - 21% - 35% - 9:18
2 - 34% - 30% - 14:51
3 - 21% - 22% - 9:05
4 - 24% - 13% - 10:40
Normal Defense
1 - 32% - 35% - 14:01
2 - 33% - 30% - 14:18
3 - 31% - 22% - 13:30
4 - 5% - 13% - 2:05
PP Forward
1 - 51% - 60% - 1:37
2 - 49% - 40% - 1:34
PP Defense
1 - 61% - 60% - 1:57
2 - 39% - 40% - 1:14
PK Forward
1 - 87% - 60% - 10:33
2 - 13% - 40% - 1:35
PK Defense
1 - 46% - 60% - 5:32
2 - 54% - 40% - 6:36
PK3 Forward
1 - 0% - 60%
2 - 0% - 40%
PK3 Defense
1 - 0% - 60%
2 - 0% - 40%
44 Forward
1 - 93% - 60% - 4:56
2 - 7% - 40% - 0:23
44 Defense
1 - 67% - 60% - 3:34
2 - 33% - 40% - 1:45
Last Minute Offensive  - 0:00
Last Minute Defensive  - 0:00
Total
Forward - 64:32
Defense - 64:32

% Time on Ice - Crunch

Lines # - Real PCT - Wanted PCT - Time Play
Normal Forward
1 - 30% - 35% - 13:01
2 - 25% - 35% - 11:04
3 - 22% - 15% - 9:36
4 - 23% - 15% - 10:13
Normal Defense
1 - 34% - 34% - 14:52
2 - 32% - 33% - 13:50
3 - 34% - 33% - 14:51
4 - 1% - 0% - 0:21
PP Forward
1 - 54% - 60% - 6:35
2 - 46% - 40% - 5:33
PP Defense
1 - 57% - 60% - 6:58
2 - 43% - 40% - 5:10
PK Forward
1 - 57% - 50% - 1:48
2 - 43% - 50% - 1:23
PK Defense
1 - 27% - 50% - 0:52
2 - 73% - 50% - 2:19
PK3 Forward
1 - 0% - 50%
2 - 0% - 50%
PK3 Defense
1 - 0% - 50%
2 - 0% - 50%
44 Forward
1 - 87% - 60% - 4:38
2 - 13% - 40% - 0:41
44 Defense
1 - 50% - 50% - 2:39
2 - 50% - 50% - 2:40
Last Minute Offensive  - 0:00
Last Minute Defensive  - 0:00
Total
Forward - 64:32
Defense - 64:32

Play by Play

1st period


0:01 of 1st period - Colin Fraser wins face-off versus Taylor Pyatt in neutral zone.
0:12 of 1st period - Wrist shot by Taylor Pyatt.
0:12 of 1st period - Shot Blocked by Colin Fraser.
0:14 of 1st period - Slapshot by Chad Billins.
0:14 of 1st period - Shot Misses the Net.
1:10 of 1st period - John McCarthy is hit by Danny Syvret and loses puck.
1:55 of 1st period - Snap shot by Stanislav Galiev.
1:55 of 1st period - Shot Misses the Net.
1:57 of 1st period - Slapshot by Karl Stollery.
1:57 of 1st period - Shot Misses the Net.
2:24 of 1st period - Wrist shot by Chris McKelvie.
2:24 of 1st period - Stopped by John Curry without a rebound.
2:25 of 1st period - Phillip Danault wins face-off versus Brendan Ranford in Crunch zone.
3:21 of 1st period - Icing by Taylor Chorney.
3:22 of 1st period - John McCarthy wins face-off versus Ryan Strome in Whale zone.
3:50 of 1st period - Wrist shot by Ryan Strome.
3:50 of 1st period - Shot Misses the Net.
3:52 of 1st period - Wrist shot by Jordin Tootoo.
3:52 of 1st period - Stopped by Dustin Tokarski with a rebound.
3:54 of 1st period - Slapshot by Zach Trotman.
3:54 of 1st period - Shot Blocked by Denis Grebeshkov.
4:27 of 1st period - Snap shot by Andre Petersson.
4:27 of 1st period - Stopped by Dustin Tokarski without a rebound.
4:28 of 1st period - Chris McKelvie wins face-off versus Corban Knight in Whale zone.
5:19 of 1st period - James Livingston is hit by Anton Zlobin and loses puck.
5:26 of 1st period - John McCarthy is hit by Travis Oleksuk.
8:11 of 1st period - Snap shot by John McCarthy.
8:11 of 1st period - Shot Misses the Net.
8:13 of 1st period - Slapshot by Brennan Evans.
8:13 of 1st period - Shot Misses the Net.
9:01 of 1st period - Jay Rosehill beats up Danny Syvret.
9:01 of 1st period - Penalty to Danny Syvret for Fighting.
9:01 of 1st period - Penalty to Jay Rosehill for Fighting.
9:02 of 1st period - Kelly Zajac wins face-off versus Ryan Strome in neutral zone.
9:10 of 1st period - Derek Nesbitt is hit by Taylor Pyatt and loses puck.
9:23 of 1st period - Slapshot by Taylor Pyatt.
9:23 of 1st period - Stopped by Dustin Tokarski with a rebound.
9:25 of 1st period - Snap shot by Brett Skinner.
9:25 of 1st period - Shot Blocked by Brendan Ranford.
9:27 of 1st period - Slapshot by Ryan Strome.
9:27 of 1st period - Shot Misses the Net.
9:29 of 1st period - Slapshot by Nick Jensen.
9:29 of 1st period - Deflect By Ryan Strome.
9:29 of 1st period - Stopped by Dustin Tokarski without a rebound.
9:30 of 1st period - Phillip Danault wins face-off versus John McCarthy in Whale zone.
9:37 of 1st period - Snap shot by Mike Hedden.
9:37 of 1st period - Deflect By John McCarthy.
9:37 of 1st period - Shot Misses the Net.
9:37 of 1st period - Puck is out of play.
9:38 of 1st period - John McCarthy wins face-off versus Phillip Danault in Crunch zone.
9:39 of 1st period - Slapshot by Mike Hedden.
9:39 of 1st period - Shot Misses the Net.
9:41 of 1st period - Wrist shot by Mike Hedden.
9:41 of 1st period - Deflect By John McCarthy.
9:41 of 1st period - Stopped by John Curry without a rebound.
9:42 of 1st period - Phillip Danault wins face-off versus John McCarthy in Crunch zone.
10:33 of 1st period - Chad Billins is hit by Nick Tarnasky and loses puck.
10:42 of 1st period - Snap shot by Jordin Tootoo.
10:42 of 1st period - Stopped by Dustin Tokarski with a rebound.
11:14 of 1st period - Wrist shot by Eriah Hayes.
11:14 of 1st period - Shot Misses the Net.
11:16 of 1st period - Wrist shot by Andre Petersson.
11:16 of 1st period - Stopped by Dustin Tokarski with a rebound.
11:22 of 1st period - Andre Petersson is hit by Brendan Ranford and loses puck.
12:35 of 1st period - Off-side.
12:36 of 1st period - John McCarthy wins face-off versus Travis Oleksuk in neutral zone.
13:17 of 1st period - Nick Tarnasky is hit by Jordin Tootoo and loses puck.
14:09 of 1st period - Derek Nesbitt is hit by Brodie Reid and loses puck.
16:13 of 1st period - Slapshot by Ryan Strome.
16:13 of 1st period - Goal by Ryan Strome - Whale : 0 - Crunch : 1.
16:14 of 1st period - Chris McKelvie wins face-off versus Phillip Danault in neutral zone.
16:16 of 1st period - Off-side.
16:17 of 1st period - Nick Tarnasky wins face-off versus Phillip Danault in neutral zone.
17:19 of 1st period - Taylor Chorney is hit by Taylor Pyatt and loses puck.
17:46 of 1st period - Wrist shot by Ryan Strome.
17:46 of 1st period - Stopped by Dustin Tokarski with a rebound.
18:14 of 1st period - Nick Tarnasky is hit by Corban Knight and loses puck.
19:35 of 1st period - Derek Nesbitt is hit by Zach Trotman and loses puck.
Goals for this period are 0 for Whale vs 1 for Crunch.
Shots for this period are 2 for Whale vs 8 for Crunch.

2nd period


0:01 of 2nd period - Ryan Strome wins face-off versus Colin Fraser in neutral zone.
0:06 of 2nd period - Taylor Chorney is hit by Taylor Pyatt.
0:49 of 2nd period - Wrist shot by John McCarthy.
0:49 of 2nd period - Shot Blocked by Nick Jensen.
0:51 of 2nd period - Snap shot by Mike Hedden.
0:51 of 2nd period - Shot Misses the Net.
0:53 of 2nd period - Snap shot by John McCarthy.
0:53 of 2nd period - Shot Misses the Net.
0:55 of 2nd period - Slapshot by Dallas Jackson.
0:55 of 2nd period - Deflect By John McCarthy.
0:55 of 2nd period - Stopped by John Curry with a rebound.
0:57 of 2nd period - Snap shot by John McCarthy.
0:57 of 2nd period - Stopped by John Curry with a rebound.
0:59 of 2nd period - Wrist shot by John McCarthy.
0:59 of 2nd period - Shot Misses the Net.
1:01 of 2nd period - Slapshot by Dallas Jackson.
1:01 of 2nd period - Shot Misses the Net.
1:03 of 2nd period - Wrist shot by John McCarthy.
1:03 of 2nd period - Shot Blocked by Nick Jensen.
1:13 of 2nd period - Wrist shot by John McCarthy.
1:13 of 2nd period - Stopped by John Curry with a rebound.
1:15 of 2nd period - Slapshot by Dallas Jackson.
1:15 of 2nd period - Shot Blocked by Nick Jensen.
1:17 of 2nd period - Snap shot by James Livingston.
1:17 of 2nd period - Shot Misses the Net.
1:19 of 2nd period - Snap shot by James Livingston.
1:19 of 2nd period - Shot Misses the Net.
1:43 of 2nd period - Snap shot by Jay Rosehill.
1:43 of 2nd period - Shot Blocked by Brett Skinner.
1:45 of 2nd period - Wrist shot by Kelly Zajac.
1:45 of 2nd period - Shot Blocked by Taylor Pyatt.
1:47 of 2nd period - Wrist shot by Derek Nesbitt.
1:47 of 2nd period - Shot Misses the Net.
2:13 of 2nd period - Snap shot by Nick Tarnasky.
2:13 of 2nd period - Stopped by John Curry without a rebound.
2:14 of 2nd period - Corban Knight wins face-off versus Chris McKelvie in Crunch zone.
2:35 of 2nd period - Snap shot by Brendan Ranford.
2:35 of 2nd period - Shot Blocked by Danny Syvret.
2:37 of 2nd period - Minor Penalty to Danny Syvret for Tripping.
2:38 of 2nd period - Travis Oleksuk wins face-off versus John McCarthy in Crunch zone.
3:05 of 2nd period - Snap shot by Phillip Danault.
3:05 of 2nd period - Stopped by Dustin Tokarski without a rebound.
3:06 of 2nd period - Kelly Zajac wins face-off versus Travis Oleksuk in Whale zone.
3:15 of 2nd period - Slapshot by Stanislav Galiev.
3:15 of 2nd period - Shot Misses the Net.
3:17 of 2nd period - Snap shot by Stanislav Galiev.
3:17 of 2nd period - Shot Blocked by Mike Moore.
3:19 of 2nd period - Snap shot by Karl Stollery.
3:19 of 2nd period - Shot Blocked by Mike Moore.
3:21 of 2nd period - Snap shot by Karl Stollery.
3:21 of 2nd period - Shot Blocked by Dallas Jackson.
3:23 of 2nd period - Slapshot by Karl Stollery.
3:23 of 2nd period - Stopped by Dustin Tokarski with a rebound.
3:49 of 2nd period - Minor Penalty to Nick Tarnasky for Elbowing.
3:50 of 2nd period - Kelly Zajac wins face-off versus Ryan Strome in Whale zone.
4:11 of 2nd period - Snap shot by Jay Rosehill.
4:11 of 2nd period - Goal by Jay Rosehill - Whale : 1 - Crunch : 1.
4:12 of 2nd period - Ryan Strome wins face-off versus Jay Rosehill in neutral zone.
4:24 of 2nd period - Snap shot by Jay Rosehill.
4:24 of 2nd period - Shot Misses the Net.
4:26 of 2nd period - Wrist shot by Kelly Zajac.
4:26 of 2nd period - Shot Blocked by Chad Billins.
4:28 of 2nd period - Backhand shot by Taylor Chorney.
4:28 of 2nd period - Deflect By Ryan Strome.
4:28 of 2nd period - Stopped by John Curry with a rebound.
4:30 of 2nd period - Slapshot by Taylor Chorney.
4:30 of 2nd period - Deflect By Chad Billins.
4:30 of 2nd period - Stopped by John Curry with a rebound.
4:32 of 2nd period - Slapshot by Kelly Zajac.
4:32 of 2nd period - Shot Blocked by Karl Stollery.
4:34 of 2nd period - Snap shot by Taylor Chorney.
4:34 of 2nd period - Stopped by John Curry without a rebound.
4:35 of 2nd period - Kelly Zajac wins face-off versus Ryan Strome in Crunch zone.
4:37 of 2nd period - Penalty to Danny Syvret is over, Danny Syvret is back on ice.
4:38 of 2nd period - Wrist shot by Jay Rosehill.
4:38 of 2nd period - Stopped by John Curry without a rebound.
4:39 of 2nd period - Corban Knight wins face-off versus Kelly Zajac in Crunch zone.
4:46 of 2nd period - Slapshot by Kelly Zajac.
4:46 of 2nd period - Shot Misses the Net.
4:52 of 2nd period - Kelly Zajac is hit by Eriah Hayes and loses puck.
5:16 of 2nd period - Snap shot by Andre Petersson.
5:16 of 2nd period - Stopped by Dustin Tokarski with a rebound.
5:49 of 2nd period - Penalty to Nick Tarnasky is over, Nick Tarnasky is back on ice.
6:05 of 2nd period - Zach Trotman is hit by Denis Grebeshkov and loses puck.
6:12 of 2nd period - Snap shot by John McCarthy.
6:12 of 2nd period - Stopped by John Curry with a rebound.
6:16 of 2nd period - Wrist shot by Mike Hedden.
6:16 of 2nd period - Stopped by John Curry without a rebound.
6:17 of 2nd period - Travis Oleksuk wins face-off versus Chris McKelvie in Crunch zone.
6:33 of 2nd period - Slapshot by Travis Oleksuk.
6:33 of 2nd period - Deflect By Stanislav Galiev.
6:33 of 2nd period - Stopped by Dustin Tokarski with a rebound.
6:35 of 2nd period - Wrist shot by Anton Zlobin.
6:35 of 2nd period - Shot Blocked by Mike Moore.
6:37 of 2nd period - Slapshot by Brett Skinner.
6:37 of 2nd period - Deflect By Anton Zlobin.
6:37 of 2nd period - Shot Blocked by Dallas Jackson.
6:37 of 2nd period - Puck is out of play.
6:38 of 2nd period - John McCarthy wins face-off versus Phillip Danault in Whale zone.
6:55 of 2nd period - Slapshot by Mike Hedden.
6:55 of 2nd period - Deflect By Chad Billins.
6:55 of 2nd period - Stopped by John Curry without a rebound.
6:56 of 2nd period - John McCarthy wins face-off versus Phillip Danault in Crunch zone.
8:33 of 2nd period - Wrist shot by Ryan Strome.
8:33 of 2nd period - Stopped by Dustin Tokarski without a rebound.
8:34 of 2nd period - John McCarthy wins face-off versus Corban Knight in Whale zone.
8:36 of 2nd period - Minor Penalty to Mike Hedden for Charging.
8:37 of 2nd period - Ryan Strome wins face-off versus Kelly Zajac in Whale zone.
8:47 of 2nd period - Snap shot by Ryan Strome.
8:47 of 2nd period - Deflect By Nick Tarnasky.
8:47 of 2nd period - Stopped by Dustin Tokarski without a rebound.
8:48 of 2nd period - Ryan Strome wins face-off versus Kelly Zajac in Whale zone.
10:03 of 2nd period - Backhand shot by Zach Trotman.
10:03 of 2nd period - Shot Misses the Net.
10:05 of 2nd period - Snap shot by Corban Knight.
10:05 of 2nd period - Stopped by Dustin Tokarski with a rebound.
10:21 of 2nd period - Snap shot by Taylor Pyatt.
10:21 of 2nd period - Stopped by Dustin Tokarski without a rebound.
10:22 of 2nd period - Ryan Strome wins face-off versus Colin Fraser in Whale zone.
10:23 of 2nd period - Wrist shot by Taylor Pyatt.
10:23 of 2nd period - Shot Misses the Net.
10:25 of 2nd period - Slapshot by Danny Syvret.
10:25 of 2nd period - Shot Blocked by John McCarthy.
10:27 of 2nd period - Slapshot by Chad Billins.
10:27 of 2nd period - Deflect By Ryan Strome.
10:27 of 2nd period - Shot Misses the Net.
10:27 of 2nd period - Puck is out of play.
10:28 of 2nd period - Colin Fraser wins face-off versus Ryan Strome in Whale zone.
10:36 of 2nd period - Penalty to Mike Hedden is over, Mike Hedden is back on ice.
10:47 of 2nd period - Snap shot by Stanislav Galiev.
10:47 of 2nd period - Shot Hit the Post.
11:03 of 2nd period - Mike Hedden is hit by Danny Syvret.
11:07 of 2nd period - Dallas Jackson is hit by Stanislav Galiev and loses puck.
12:55 of 2nd period - James Livingston is hit by Taylor Pyatt and loses puck.
13:20 of 2nd period - Major Penalty to Jay Rosehill for Kneeing.
13:21 of 2nd period - Corban Knight wins face-off versus Kelly Zajac in Whale zone.
13:36 of 2nd period - Snap shot by Andre Petersson.
13:36 of 2nd period - Stopped by Dustin Tokarski with a rebound.
13:38 of 2nd period - Slapshot by Danny Syvret.
13:38 of 2nd period - Shot Misses the Net.
13:40 of 2nd period - Snap shot by Andre Petersson.
13:40 of 2nd period - Deflect By Dallas Jackson.
13:40 of 2nd period - Shot Misses the Net.
13:40 of 2nd period - Puck is out of play.
13:41 of 2nd period - Corban Knight wins face-off versus Kelly Zajac in Whale zone.
15:10 of 2nd period - Taylor Chorney is hit by Taylor Pyatt and loses puck.
16:48 of 2nd period - Wrist shot by Taylor Pyatt.
16:48 of 2nd period - Deflect By Jordin Tootoo.
16:48 of 2nd period - Shot Hit the Post.
16:48 of 2nd period - Puck is out of play.
16:49 of 2nd period - Ryan Strome wins face-off versus Brendan Ranford in Whale zone.
17:49 of 2nd period - Mike Moore is hit by Jordin Tootoo and loses puck.
18:08 of 2nd period - Chad Billins is hit by Dallas Jackson and loses puck.
18:15 of 2nd period - Slapshot by Chris McKelvie.
18:15 of 2nd period - Stopped by John Curry with a rebound.
18:17 of 2nd period - Wrist shot by Brendan Ranford.
18:17 of 2nd period - Shot Misses the Net.
18:20 of 2nd period - Penalty to Jay Rosehill is over, Jay Rosehill is back on ice.
18:35 of 2nd period - Brennan Evans is hit by Phillip Danault and loses puck.
18:53 of 2nd period - Denny Urban is hit by Anton Zlobin and loses puck.
Goals for this period are 1 for Whale vs 0 for Crunch.
Shots for this period are 13 for Whale vs 9 for Crunch.

3rd period


0:01 of 3rd period - Colin Fraser wins face-off versus Corban Knight in neutral zone.
0:34 of 3rd period - Wrist shot by Andre Petersson.
0:34 of 3rd period - Shot Misses the Net.
0:50 of 3rd period - Taylor Chorney is hit by Jordin Tootoo.
1:14 of 3rd period - Taylor Pyatt is hit by Kelly Zajac.
1:43 of 3rd period - Wrist shot by John McCarthy.
1:43 of 3rd period - Stopped by John Curry without a rebound.
1:44 of 3rd period - John McCarthy wins face-off versus Travis Oleksuk in Crunch zone.
2:03 of 3rd period - Dallas Jackson is hit by Anton Zlobin and loses puck.
2:10 of 3rd period - Slapshot by Chad Billins.
2:10 of 3rd period - Shot Misses the Net.
2:12 of 3rd period - Wrist shot by Anton Zlobin.
2:12 of 3rd period - Stopped by Dustin Tokarski with a rebound.
3:20 of 3rd period - Snap shot by Nick Tarnasky.
3:20 of 3rd period - Stopped by John Curry without a rebound.
3:21 of 3rd period - Ryan Strome wins face-off versus Chris McKelvie in Crunch zone.
3:52 of 3rd period - Jordin Tootoo is hit by Jay Rosehill and loses puck.
4:14 of 3rd period - Taylor Chorney is hit by Nick Jensen.
4:33 of 3rd period - Off-side.
4:34 of 3rd period - Travis Oleksuk wins face-off versus Brendan Ranford in neutral zone.
5:07 of 3rd period - Snap shot by Kelly Zajac.
5:07 of 3rd period - Shot Misses the Net.
5:09 of 3rd period - Snap shot by Derek Nesbitt.
5:09 of 3rd period - Deflect By Jay Rosehill.
5:09 of 3rd period - Stopped by John Curry without a rebound.
5:10 of 3rd period - Corban Knight wins face-off versus Kelly Zajac in Crunch zone.
5:16 of 3rd period - Slapshot by Derek Nesbitt.
5:16 of 3rd period - Shot Misses the Net.
5:18 of 3rd period - Slapshot by Jay Rosehill.
5:18 of 3rd period - Shot Misses the Net.
5:20 of 3rd period - Snap shot by Jay Rosehill.
5:20 of 3rd period - Stopped by John Curry with a rebound.
5:34 of 3rd period - Andre Petersson is hit by James Livingston and loses puck.
5:47 of 3rd period - Off-side.
5:48 of 3rd period - John McCarthy wins face-off versus Ryan Strome in neutral zone.
6:20 of 3rd period - Off-side.
6:21 of 3rd period - Phillip Danault wins face-off versus Chris McKelvie in neutral zone.
7:05 of 3rd period - Minor Penalty to Nick Tarnasky for Tripping.
7:06 of 3rd period - Ryan Strome wins face-off versus Kelly Zajac in Whale zone.
7:32 of 3rd period - Slapshot by Taylor Pyatt.
7:32 of 3rd period - Shot Misses the Net.
7:34 of 3rd period - Slapshot by Danny Syvret.
7:34 of 3rd period - Stopped by Dustin Tokarski with a rebound.
7:36 of 3rd period - Slapshot by Taylor Pyatt.
7:36 of 3rd period - Stopped by Dustin Tokarski without a rebound.
7:37 of 3rd period - Corban Knight wins face-off versus Kelly Zajac in Whale zone.
7:44 of 3rd period - Wrist shot by Eriah Hayes.
7:44 of 3rd period - Shot Misses the Net.
8:30 of 3rd period - Snap shot by Taylor Pyatt.
8:30 of 3rd period - Shot Blocked by Kelly Zajac.
8:59 of 3rd period - Wrist shot by Corban Knight.
8:59 of 3rd period - Shot Misses the Net.
9:01 of 3rd period - Snap shot by Andre Petersson.
9:01 of 3rd period - Deflect By Taylor Chorney.
9:01 of 3rd period - Stopped by Dustin Tokarski with a rebound.
9:05 of 3rd period - Penalty to Nick Tarnasky is over, Nick Tarnasky is back on ice.
9:21 of 3rd period - Nick Tarnasky is hit by Brodie Reid and loses puck.
9:31 of 3rd period - Snap shot by Nick Tarnasky.
9:31 of 3rd period - Shot Misses the Net.
9:33 of 3rd period - Slapshot by Brennan Evans.
9:33 of 3rd period - Deflect By Danny Syvret.
9:33 of 3rd period - Stopped by John Curry with a rebound.
9:48 of 3rd period - Phillip Danault is hit by Jay Rosehill and loses puck.
10:47 of 3rd period - Snap shot by Nick Tarnasky.
10:47 of 3rd period - Stopped by John Curry with a rebound.
10:49 of 3rd period - Wrist shot by Chris McKelvie.
10:49 of 3rd period - Shot Blocked by Chad Billins.
10:51 of 3rd period - Snap shot by Denis Grebeshkov.
10:51 of 3rd period - Stopped by John Curry with a rebound.
11:21 of 3rd period - Ryan Strome is hit by Mike Hedden and loses puck.
12:01 of 3rd period - Jordin Tootoo is hit by Brendan Ranford and loses puck.
12:24 of 3rd period - Snap shot by Mike Hedden.
12:24 of 3rd period - Stopped by John Curry with a rebound.
13:04 of 3rd period - Snap shot by Andre Petersson.
13:04 of 3rd period - Stopped by Dustin Tokarski with a rebound.
13:06 of 3rd period - Slapshot by Karl Stollery.
13:06 of 3rd period - Stopped by Dustin Tokarski with a rebound.
13:08 of 3rd period - Snap shot by Eriah Hayes.
13:08 of 3rd period - Shot Misses the Net.
13:16 of 3rd period - Snap shot by Eriah Hayes.
13:16 of 3rd period - Stopped by Dustin Tokarski with a rebound.
13:20 of 3rd period - Snap shot by Eriah Hayes.
13:20 of 3rd period - Shot Misses the Net.
13:32 of 3rd period - Minor Penalty to Anton Zlobin for Cross-checking.
13:33 of 3rd period - John McCarthy wins face-off versus Stanislav Galiev in Crunch zone.
13:34 of 3rd period - Snap shot by Mike Hedden.
13:34 of 3rd period - Shot Misses the Net.
13:36 of 3rd period - Backhand shot by James Livingston.
13:36 of 3rd period - Stopped by John Curry without a rebound.
13:37 of 3rd period - Travis Oleksuk wins face-off versus John McCarthy in Crunch zone.
13:37 of 3rd period - Travis Oleksuk is hit by James Livingston.
13:51 of 3rd period - Nick Jensen is hit by John McCarthy and loses puck.
14:06 of 3rd period - Kelly Zajac is hit by Travis Oleksuk and loses puck.
14:46 of 3rd period - Snap shot by Matt Lindblad.
14:46 of 3rd period - Stopped by Dustin Tokarski with a rebound.
14:50 of 3rd period - Backhand shot by Chad Billins.
14:50 of 3rd period - Shot Blocked by Denis Grebeshkov.
15:32 of 3rd period - Penalty to Anton Zlobin is over, Anton Zlobin is back on ice.
15:43 of 3rd period - Denny Urban is hit by Chad Billins and loses puck.
15:48 of 3rd period - Wrist shot by Eriah Hayes.
15:48 of 3rd period - Shot Misses the Net.
15:50 of 3rd period - Snap shot by Zach Trotman.
15:50 of 3rd period - Stopped by Dustin Tokarski with a rebound.
15:52 of 3rd period - Snap shot by Corban Knight.
15:52 of 3rd period - Stopped by Dustin Tokarski with a rebound.
15:57 of 3rd period - Minor Penalty to Nick Tarnasky for Hooking.
15:58 of 3rd period - Ryan Strome wins face-off versus Brendan Ranford in Whale zone.
16:18 of 3rd period - Snap shot by Ryan Strome.
16:18 of 3rd period - Shot Misses the Net.
16:30 of 3rd period - Snap shot by Ryan Strome.
16:30 of 3rd period - Shot Blocked by Kelly Zajac.
16:50 of 3rd period - Andre Petersson is hit by Jay Rosehill and loses puck.
16:59 of 3rd period - Andre Petersson is hit by Dallas Jackson and loses puck.
17:57 of 3rd period - Penalty to Nick Tarnasky is over, Nick Tarnasky is back on ice.
18:17 of 3rd period - Off-side.
18:18 of 3rd period - John McCarthy wins face-off versus Travis Oleksuk in neutral zone.
18:51 of 3rd period - Off-side.
18:52 of 3rd period - Phillip Danault wins face-off versus John McCarthy in neutral zone.
19:30 of 3rd period - Taylor Chorney is hit by Matt Lindblad and loses puck.
Goals for this period are 0 for Whale vs 0 for Crunch.
Shots for this period are 9 for Whale vs 10 for Crunch.

Overtime #1


0:01 of 1st overtime period - Kelly Zajac wins face-off versus Ryan Strome in neutral zone.
0:18 of 1st overtime period - Snap shot by Ryan Strome.
0:18 of 1st overtime period - Stopped by Dustin Tokarski without a rebound.
0:19 of 1st overtime period - Ryan Strome wins face-off versus Kelly Zajac in Whale zone.
0:26 of 1st overtime period - Wrist shot by Taylor Pyatt.
0:26 of 1st overtime period - Shot Misses the Net.
0:28 of 1st overtime period - Slapshot by Zach Trotman.
0:28 of 1st overtime period - Stopped by Dustin Tokarski without a rebound.
0:29 of 1st overtime period - Ryan Strome wins face-off versus Kelly Zajac in Whale zone.
0:34 of 1st overtime period - Snap shot by Taylor Pyatt.
0:34 of 1st overtime period - Shot Blocked by Taylor Chorney.
0:42 of 1st overtime period - Wrist shot by Ryan Strome.
0:42 of 1st overtime period - Shot Misses the Net.
0:44 of 1st overtime period - Slapshot by Chad Billins.
0:44 of 1st overtime period - Deflect By Ryan Strome.
0:44 of 1st overtime period - Stopped by Dustin Tokarski with a rebound.
0:46 of 1st overtime period - Snap shot by Taylor Pyatt.
0:46 of 1st overtime period - Shot Misses the Net.
0:52 of 1st overtime period - Wrist shot by Ryan Strome.
0:52 of 1st overtime period - Stopped by Dustin Tokarski with a rebound.
1:16 of 1st overtime period - Wrist shot by Nick Tarnasky.
1:16 of 1st overtime period - Stopped by John Curry with a rebound.
1:18 of 1st overtime period - Slapshot by Mike Moore.
1:18 of 1st overtime period - Stopped by John Curry without a rebound.
1:19 of 1st overtime period - Ryan Strome wins face-off versus Kelly Zajac in Crunch zone.
1:24 of 1st overtime period - Nick Tarnasky is hit by Ryan Strome and loses puck.
2:14 of 1st overtime period - Karl Stollery is hit by Mike Moore and loses puck.
2:31 of 1st overtime period - Wrist shot by Jay Rosehill.
2:31 of 1st overtime period - Stopped by John Curry with a rebound.
2:57 of 1st overtime period - Slapshot by Mike Hedden.
2:57 of 1st overtime period - Stopped by John Curry with a rebound.
2:59 of 1st overtime period - Snap shot by Colin Fraser.
2:59 of 1st overtime period - Stopped by John Curry without a rebound.
3:00 of 1st overtime period - Colin Fraser wins face-off versus Phillip Danault in Crunch zone.
3:24 of 1st overtime period - Snap shot by Phillip Danault.
3:24 of 1st overtime period - Shot Misses the Net.
3:46 of 1st overtime period - Slapshot by Nick Tarnasky.
3:46 of 1st overtime period - Shot Misses the Net.
3:54 of 1st overtime period - Nick Tarnasky is hit by Danny Syvret and loses puck.
4:19 of 1st overtime period - Backhand shot by Phillip Danault.
4:19 of 1st overtime period - Shot Misses the Net.
4:32 of 1st overtime period - Wrist shot by John McCarthy.
4:32 of 1st overtime period - Goal by John McCarthy - Whale : 2 - Crunch : 1.
Goals for this period are 1 for Whale vs 0 for Crunch.
Shots for this period are 6 for Whale vs 4 for Crunch.


Output by the SimonT Hockey Simulator (STHS) for Eric Dolegowski -- Original Page W3C XHTML 1.0 Valid
Hockey Simulator - Hockey Simulation - Hockey Manager